 Dungeon Crawl Stone Soup version 0.29.0-4-gdea44cf6ec (webtiles) character file.

Game seed: 15869257710003721788

5777 qw the Cleaver (level 9, -4/81 HPs)
             Began as a Minotaur Fighter on Sept 4, 2022.
             Was a Follower of Ru.
             Slain by an orc knight
             ... wielding a +1 battleaxe
              (9 damage)
             ... on level 10 of the Dungeon.
             The game lasted 00:03:58 (9463 turns).

qw the Cleaver (Minotaur Fighter)                   Turns: 9463, Time: 00:03:59

Health: -4/81      AC: 32    Str: 26    XL:     9   Next: 50%
Magic:  8/8        EV:  7    Int:  5    God:    Ru [*.....]
Gold:   238        SH:  5    Dex:  9    Spells: 8/8 levels left

rFire   . . .      SeeInvis .   Y - +1 war axe (protect)
rCold   . . .      Faith    .   c - +0 buckler
rNeg    . . .      Spirit   .   t - +0 plate armour
rPois   .          Reflect  .   (helmet restricted)
rElec   .          Harm     .   a - +0 cloak
rCorr   .          Rampage  .   g - +0 pair of gloves
Will    .....                   k - +0 pair of boots
Stlth   ..........              (no amulet)
HPRegen 0.23/turn               f - +4 ring of protection
MPRegen 0.11/turn               l - +4 ring of protection

@: under a protective aura
A: horns 2, inexperienced 1, retaliatory headbutt
a: Renounce Religion


You were on level 10 of the Dungeon.
You worshipped Ru.
Ru was aware of your devotion.
You visited 2 branches of the dungeon, and saw 11 of its levels.

You collected 701 gold pieces.
You spent 463 gold pieces at shops.


Innate Abilities, Weirdness & Mutations

You have a pair of horns on your head.
You are somewhat inexperienced. (-1 XL)
You reflexively headbutt those who attack you in melee.


   Skills:
 - Level 8.0 Fighting
 + Level 14.9 Axes
 - Level 1.0 Throwing
 - Level 8.0 Armour
 - Level 2.3 Dodging
 - Level 5.8 Shields


You had 8 spell levels left.
You didn't know any spells.
Your spell library was empty.

Inventory:

Hand Weapons
 n - a +1 morningstar of pain
 Y - a +1 war axe of protection (weapon)
Missiles
 b - 8 boomerangs (quivered)
Armour
 a - a +0 cloak (worn)
 c - a +0 buckler (worn)
 g - a +0 pair of gloves (worn)
 k - a +0 pair of boots (worn)
 t - a +0 plate armour (worn)
Jewellery
 f - a +4 ring of protection (left hand)
 i - an amulet of the acrobat
 l - a +4 ring of protection (right hand)
 m - a ring of resist corrosion
Scrolls
 j - 5 scrolls of identify
Potions
 d - 3 potions of might
 e - a potion of mutation
 h - a potion of haste

Dungeon Overview and Level Annotations

Branches:
Dungeon (10/15)            Temple (1/1) D:5
   Lair: D:8-11         Orc: D:9-12

Altars:
Ashenzari
Cheibriados
Dithmenos
Elyvilon
Fedhas
Gozag
Hepliaklqana
Kikubaaqudgha
Makhleb
Nemelex Xobeh
Okawaru
Qazlal
Ru
Sif Muna
Trog
Uskayaw
Vehumet
Wu Jian
Xom
Yredelemnul
Zin
The Shining One

Shops:
D:10 ((?*

Annotations:
D:3 3 runed translucent doors, qw's ghost, amateur FoCA


Message History

You slash the orc knight!
Your weapon exudes an aura of protection.
You headbutt the orc knight, but do no damage.
The orc knight is lightly wounded.
The orc knight hits you but does no damage.
You hit the orc knight.
The orc knight is moderately wounded.
The orc knight barely misses you.
You hit the orc knight but do no damage.
The orc knight is moderately wounded.
The orc knight hits you with a +1 battleaxe!
You closely miss the orc knight. You headbutt the orc knight.
The orc knight is moderately wounded.
You slash the orc knight!
You headbutt the orc knight, but do no damage.
The orc knight is heavily wounded.
You block the orc knight's attack.
You hit the orc knight.
The orc knight is heavily wounded.
A magic dart appears from out of thin air!
The magic dart hits you but does no damage.
The orc knight hits you but does no damage.
You barely miss the orc knight.
The orc knight is heavily wounded.
The orc knight roars a battlecry!
You hit the orc knight but do no damage.
You headbutt the orc knight, but do no damage.
The orc knight is heavily wounded.
You completely miss the orc knight.
The orc knight is heavily wounded.
The orc knight hits you but does no damage.
A magic dart appears from out of thin air!
The magic dart hits you but does no damage.
You hit the orc knight.
The orc knight is heavily wounded.
The orc knight hits you with a +1 battleaxe!
You closely miss the orc knight.
The orc knight is heavily wounded.
The orc knight hits you with a +1 battleaxe!
You die...

##......#)....# ###.##.~~#
..<####.#.....# #...##.~~# ####
#.#...?.# #...#..~~# # #.#.?\?##
#......~~# #
#.##...#######...~~######## #
#.##.#.....###.>.~~~~~~~~~~ #
#.##.......#.....~~~~~~~~~~
#######.####....o................
##....#.# #####@#...........####
##.##.#.# #.#........>..)...
##.#..#.# #.#...........####
##.#..#.# #.#...........#
##.#<.#.# #.#...######..#
##.####.## #.##### #..#
##.......#######.## #..#
###...#..#.....#..# ######..# #
#...#..#.~~~)#..# #.......#


You could see an orc knight.

Vanquished Creatures
  An unseen horror (D:10)
  Maggie (D:10)
  A troll (D:9)
  2 hornets
  5 yaks (D:9)
  2 acid dragons
  2 water moccasins (D:6)
  A sky beast (D:8)
  A black bear (D:4)
  3 orc warriors
  An ice beast (D:6)
  3 centaurs
  3 ogres
  A phantom (D:4)
  3 kobold brigands
  3 bullfrogs
  3 necrophages
  A gnoll sergeant (D:7)
  A scorpion (D:4)
  5 wights (D:7)
  4 killer bees (D:8)
  2 electric eels (D:10)
  4 hounds
  10 orc priests
  An iron imp (D:6)
  5 iguanas
  13 orc wizards
  10 adders
  4 gnolls
  2 white imps
  3 ufetubi
  3 worms
  3 dart slugs
  34 orcs
  7 endoplasms
  3 giant cockroaches
  8 hobgoblins
  10 jackals
  19 kobolds
  6 quokkas
  5 ball pythons
  6 bats
  A frilled lizard (D:3)
  5 goblins
  11 rats
222 creatures vanquished.

Vanquished Creatures (others)
  2 plants (D:7)
2 creatures vanquished.

Grand Total: 224 creatures vanquished

Notes
Turn   | Place    | Note
-------+----------+-------------------------------------------
     0 | D:1      | qw the Minotaur Fighter began the quest for the Orb.
     0 | D:1      | Reached XP level 1. HP: 19/19 MP: 0/0
     0 | D:1      | 0 ||| qw: Version: 0.1-a-103-gd6f5d3a
     0 | D:1      | 0 ||| qw: Game counter: 5436
     0 | D:1      | 0 ||| qw: Always use a shield: true
     0 | D:1      | 0 ||| qw: God list: Ru
     0 | D:1      | 0 ||| qw: Allow faded altars: false
     0 | D:1      | 0 ||| qw: Do Orc after D:15 true
     0 | D:1      | 0 ||| qw: Do second Lair branch before Depths: true
     0 | D:1      | 0 ||| qw: Lair rune preference: random
     0 | D:1      | 0 ||| qw: Plans: Normal
     0 | D:1      | 0 ||| PLANNING D:1-11
    58 | D:1      | Reached skill level 3 in Axes
    78 | D:1      | Reached XP level 2. HP: 24/26 MP: 1/1
   292 | D:1      | Reached skill level 4 in Axes
   452 | D:1      | 452 ||| DROPPING +0 club.
   518 | D:1      | Reached XP level 3. HP: 29/31 MP: 2/2
   933 | D:1      | 933 ||| UPGRADING to +0 pair of boots.
   938 | D:1      | 938 ||| DROPPING amulet of magic regeneration.
   939 | D:1      | 939 ||| UPGRADING to +4 ring of protection.
   940 | D:1      | 940 ||| UPGRADING to +4 ring of protection.
   941 | D:1      | 941 ||| READING 2 scrolls labelled IZXEIR PIHOU.
   944 | D:1      | 944 ||| READING scroll labelled SIHIONACAXT.
   945 | D:1      | 945 ||| READING scroll labelled LAISONK HIOSEG.
  1101 | D:2      | 1101 ||| Stepping ~*~*~tactically~*~*~ (stealth).
  1120 | D:2      | 1120 ||| Stepping ~*~*~tactically~*~*~ (stealth).
  1223 | D:2      | Reached skill level 5 in Axes
  1297 | D:2      | Found a faded altar of an unknown god.
  1533 | D:2      | Identified the +1 robe "Liren" {Harm Rampage rF- rC+
                  | Archmagi}
  1629 | D:2      | Reached skill level 1 in Dodging
  1634 | D:2      | 1634 ||| UPGRADING to +0 plate armour.
  1644 | D:2      | 1644 ||| DROPPING +0 scale mail.
  1645 | D:2      | 1645 ||| DROPPING ring of ice.
  1646 | D:2      | 1646 ||| DROPPING +6 ring of intelligence.
  1647 | D:2      | 1647 ||| READING scroll labelled OTOKHIQUWI.
  1648 | D:2      | 1648 ||| READING scroll labelled KUPRIM UBASA.
  1649 | D:2      | 1649 ||| READING scroll labelled HAKHLA EWNUADIUNU.
  1650 | D:2      | 1650 ||| DRINKING 2 cyan potions.
  1651 | D:2      | 1651 ||| DRINKING 2 lumpy puce potions.
  1652 | D:2      | 1652 ||| DROPPING potion of degeneration.
  1755 | D:3      | 1755 ||| Stepping ~*~*~tactically~*~*~ (stealth).
  1760 | D:3      | Reached XP level 4. HP: 39/39 MP: 3/3
  1871 | D:3      | You fall into a shaft and drop 2 floors!
  1871 | D:5      | Entered Level 5 of the Dungeon
  1880 | D:5      | 1880 ||| READING scroll labelled NEJOME FAUJ.
  1970 | D:3      | Found a runed translucent gate.
  1971 | D:3      | Found a runed translucent gate.
  1971 | D:3      | Found a runed translucent gate.
  1972 | D:3      | Noticed qw's ghost (amateur FoCA)
  2114 | D:3      | Reached skill level 6 in Axes
  2130 | D:3      | Reached XP level 5. HP: 23/45 MP: 4/4
  2138 | D:3      | HP: 7/45 [orc priest/divine providence (13)]
  2139 | D:3      | 2139 ||| READING scroll of teleportation.
  2140 | D:3      | 2140 ||| DRINKING potion of heal wounds.
  2312 | D:3      | Identified the +3 leather armour of the Dice {Str+3}
  2375 | D:3      | Reached skill level 7 in Axes
  2596 | D:3      | 2596 ||| DROPPING scarf of shadows.
  2597 | D:3      | 2597 ||| DRINKING 2 sedimented grey potions.
  2598 | D:3      | 2598 ||| DRINKING 3 clear potions.
  2599 | D:3      | 2599 ||| DROPPING potion of invisibility.
  2663 | D:4      | Noticed a phantom
  2678 | D:4      | Killed a phantom
  2679 | D:4      | Reached XP level 6. HP: 51/55 MP: 5/5
  2758 | D:4      | 2758 ||| Stepping ~*~*~tactically~*~*~ (stealth).
  2973 | D:4      | Reached skill level 8 in Axes
  2984 | D:4      | Found a basalt altar of Yredelemnul.
  3407 | D:4      | Found a radiant altar of Vehumet.
  3551 | D:4      | 3551 ||| UPGRADING to +0 pair of gloves.
  3556 | D:4      | 3556 ||| DROPPING +4 ring of slaying {mikee}.
  3557 | D:4      | 3557 ||| READING scroll labelled REHAUPNUFF.
  3592 | D:5      | 3592 ||| STAIRDANCE
  3606 | D:4      | Reached XP level 7. HP: 60/60 MP: 6/6
  3614 | D:5      | 3614 ||| STAIRDANCE
  3618 | D:4      | Reached skill level 9 in Axes
  3948 | D:5      | 3948 ||| Stepping ~*~*~tactically~*~*~ (stealth).
  4105 | D:5      | Found a shimmering altar of Xom.
  4105 | D:5      | Found a shimmering altar of Xom.
  4106 | D:5      | Found a shimmering altar of Xom.
  4106 | D:5      | Found a shimmering altar of Xom.
  4107 | D:5      | Found a shimmering altar of Xom.
  4107 | D:5      | Found a shimmering altar of Xom.
  4108 | D:5      | Found a shimmering altar of Xom.
  4190 | D:5      | Found a staircase to the Ecumenical Temple.
  4191 | D:5      | 4191 ||| PLANNING TEMPLE
  4191 | D:5      | 4191 ||| READING scroll labelled MIORAO LICIYMA.
  4192 | D:5      | 4192 ||| READING scroll labelled ORAVOE MINO.
  4193 | D:5      | 4193 ||| READING 3 scrolls of identify.
  4193 | D:5      | 4193 ||| IDENTIFYING bubbling puce potion
  4194 | D:5      | 4194 ||| READING 2 scrolls of identify.
  4194 | D:5      | 4194 ||| IDENTIFYING fuming black potion
  4204 | Temple   | Entered the Ecumenical Temple
  4362 | Temple   | 4362 ||| PLANNING D:1-11
  4368 | D:5      | 4368 ||| Stepping randomly (stuck).
  4484 | D:6      | Reached skill level 10 in Axes
  4484 | D:6      | Reached XP level 8. HP: 68/68 MP: 7/7
  4500 | D:6      | 4500 ||| Stepping ~*~*~tactically~*~*~ (hiding).
  4657 | D:6      | 4657 ||| FLEEEEING.
  4664 | D:6      | Reached skill level 6 in Fighting
  4681 | D:6      | 4681 ||| FLEEEEING.
  4750 | D:6      | 4750 ||| DROPPING +0 whip.
  5129 | D:6      | HP: 17/70 [ogre/+0 giant club (23)]
  5131 | D:6      | Reached skill level 11 in Axes
  5332 | D:6      | 5332 ||| FLEEEEING.
  5333 | D:6      | 5333 ||| FLEEEEING.
  5334 | D:6      | 5334 ||| FLEEEEING.
  5335 | D:6      | 5335 ||| FLEEEEING.
  5336 | D:6      | 5336 ||| FLEEEEING.
  5342 | D:6      | 5342 ||| STAIRDANCE
  5381 | D:5      | 5381 ||| UPGRADING to +0 cloak.
  5386 | D:5      | 5386 ||| READING scroll labelled PUIM JEPROUT.
  5487 | D:5      | 5487 ||| READING 2 scrolls of identify.
  5487 | D:5      | 5487 ||| IDENTIFYING lumpy dark potion
  5488 | D:5      | 5488 ||| DROPPING potion of attraction.
  5493 | D:6      | 5493 ||| STAIRDANCE
  5693 | D:6      | Found a burning altar of Makhleb.
  5758 | D:7      | Identified the +0 leather armour of the Armadillo {rF+}
  5819 | D:7      | Found an ancient bone altar of Kikubaaqudgha.
  5819 | D:7      | Found an opulent altar of Gozag.
  5819 | D:7      | Found a bloodstained altar of Trog.
  5823 | D:7      | Reached skill level 1 in Throwing
  5835 | D:7      | Reached skill level 6 in Armour
  6293 | D:7      | 6293 ||| Stepping ~*~*~tactically~*~*~ (hiding).
  6294 | D:7      | 6294 ||| Stepping ~*~*~tactically~*~*~ (hiding).
  6304 | D:7      | Reached skill level 12 in Axes
  6304 | D:7      | Reached XP level 9. HP: 75/75 MP: 8/8
  6627 | D:7      | 6627 ||| DROPPING amulet of faith.
  6628 | D:7      | 6628 ||| DROPPING +6 ring of dexterity.
  6629 | D:7      | 6629 ||| READING 2 scrolls of identify.
  6629 | D:7      | 6629 ||| IDENTIFYING smoky grey potion
  6630 | D:7      | 6630 ||| DROPPING potion of lignification.
  6822 | D:8      | 6822 ||| Stepping ~*~*~tactically~*~*~ (water).
  6823 | D:8      | 6823 ||| Stepping ~*~*~tactically~*~*~ (water).
  6824 | D:8      | 6824 ||| Stepping ~*~*~tactically~*~*~ (water).
  6828 | D:8      | 6828 ||| DRINKING 3 potions of curing.
  6828 | D:8      | 6828 ||| (to cure confusion)
  6842 | D:8      | Reached skill level 13 in Axes
  7027 | D:8      | Found a sacrificial altar of Ru.
  7029 | D:8      | Found an iron altar of Okawaru.
  7058 | D:8      | Became a worshipper of Ru the Awakened
  7098 | D:8      | Found a stormy altar of Qazlal.
  7286 | D:8      | 7286 ||| READING scroll labelled KIEGHA PIRRUEMN.
  7480 | D:9      | 7480 ||| DRINKING 3 potions of curing.
  7480 | D:9      | 7480 ||| (to cure confusion)
  7491 | D:9      | 7491 ||| Stepping ~*~*~tactically~*~*~ (hiding).
  7492 | D:9      | 7492 ||| Stepping ~*~*~tactically~*~*~ (hiding).
  7497 | D:9      | Paralysed by a hornet for 3 turns
  7500 | D:9      | HP: 16/79 [orc priest/divine providence (10)]
  7501 | D:9      | 7501 ||| DRINKING 2 potions of heal wounds.
  7507 | D:9      | 7507 ||| Stepping ~*~*~tactically~*~*~ (hiding).
  7508 | D:9      | 7508 ||| Stepping ~*~*~tactically~*~*~ (hiding).
  7511 | D:9      | Noticed a troll
  7519 | D:9      | HP: 18/81 [troll (6)]
  7520 | D:9      | 7520 ||| DRINKING potion of heal wounds.
  7522 | D:9      | Killed a troll
  7540 | D:9      | 7540 ||| Stepping ~*~*~tactically~*~*~ (stealth).
  7541 | D:9      | 7541 ||| Stepping ~*~*~tactically~*~*~ (stealth).
  7863 | D:9      | 7863 ||| Stepping ~*~*~tactically~*~*~ (stealth).
  7864 | D:9      | 7864 ||| Stepping ~*~*~tactically~*~*~ (stealth).
  7867 | D:9      | 7867 ||| Stepping ~*~*~tactically~*~*~ (stealth).
  7877 | D:9      | Reached XP level 10. HP: 79/88 MP: 9/9
  7985 | D:9      | 7985 ||| Stepping ~*~*~tactically~*~*~ (stealth).
  7988 | D:9      | 7988 ||| Stepping ~*~*~tactically~*~*~ (stealth).
  7991 | D:9      | 7991 ||| Stepping ~*~*~tactically~*~*~ (stealth).
  7992 | D:9      | 7992 ||| Stepping ~*~*~tactically~*~*~ (stealth).
  8006 | D:9      | Reached skill level 14 in Axes
  8233 | D:9      | 8233 ||| READING scroll labelled PYALAG DEAMAHI.
  8234 | D:9      | 8234 ||| Stepping randomly (stuck).
  8235 | D:9      | 8235 ||| Stepping ~*~*~tactically~*~*~ (cloud).
  8342 | D:10     | Entered Level 10 of the Dungeon
  8498 | D:10     | 8498 ||| INVOKING Sacrifice Experience.
  8498 | D:10     | Gained mutation: You are somewhat inexperienced. (-1 XL)
                  | [Ru sacrifice]
  8498 | D:10     | Reached XP level 9. HP: 81/81 MP: 8/8
  8498 | D:10     | Reached * piety under Ru
  8513 | D:10     | 8513 ||| FLEEEEING.
  8514 | D:10     | 8514 ||| FLEEEEING.
  8515 | D:10     | 8515 ||| FLEEEEING.
  8516 | D:10     | 8516 ||| FLEEEEING.
  8517 | D:10     | 8517 ||| FLEEEEING.
  8518 | D:10     | 8518 ||| FLEEEEING.
  8519 | D:10     | 8519 ||| FLEEEEING.
  8520 | D:10     | 8520 ||| FLEEEEING.
  8521 | D:10     | 8521 ||| FLEEEEING.
  8522 | D:10     | 8522 ||| FLEEEEING.
  8523 | D:10     | 8523 ||| FLEEEEING.
  8524 | D:10     | 8524 ||| FLEEEEING.
  8525 | D:10     | 8525 ||| FLEEEEING.
  8526 | D:10     | 8526 ||| FLEEEEING.
  8527 | D:10     | 8527 ||| FLEEEEING.
  8529 | D:10     | 8529 ||| FLEEEEING.
  8530 | D:10     | 8530 ||| DRINKING 3 potions of curing.
  8530 | D:10     | 8530 ||| (to cure confusion)
  8581 | D:10     | Found Caq Zuna's Magic Scroll Shoppe.
  8591 | D:10     | 8591 ||| BUYING scroll of brand weapon (123 gold).
  8591 | D:10     | Bought a scroll of brand weapon for 123 gold pieces
  8591 | D:10     | 8591 ||| BUYING scroll of identify (26 gold).
  8591 | D:10     | Bought a scroll of identify for 26 gold pieces
  8591 | D:10     | 8591 ||| BUYING scroll of identify (26 gold).
  8591 | D:10     | Bought a scroll of identify for 26 gold pieces
  8591 | D:10     | 8591 ||| BUYING scroll of teleportation (39 gold).
  8591 | D:10     | Bought a scroll of teleportation for 39 gold pieces
  8591 | D:10     | 8591 ||| READING scroll of brand weapon.
  8591 | D:10     | 8591 ||| BRANDING +1 war axe.
  8592 | D:10     | Found Oluybb's Antique Weapon Shop.
  8601 | D:10     | Noticed Maggie
  8603 | D:10     | 8603 ||| Stepping ~*~*~tactically~*~*~ (hiding).
  8610 | D:10     | 8610 ||| DRINKING 2 potions of curing.
  8610 | D:10     | 8610 ||| (to cure confusion)
  8618 | D:10     | Killed Maggie
  8668 | D:10     | 8668 ||| BUYING glowing morningstar (210 gold).
  8668 | D:10     | Bought a glowing morningstar for 210 gold pieces
  8668 | D:10     | 8668 ||| DROPPING +0 morningstar.
  8692 | D:10     | Found Neddiadut's General Store.
  8700 | D:10     | 8700 ||| BUYING potion of curing (39 gold).
  8700 | D:10     | Bought a potion of curing for 39 gold pieces
  8835 | D:10     | HP: 20/81 [electric eel/bolt of electricity (7)]
  8836 | D:10     | 8836 ||| READING scroll of teleportation.
  8877 | D:10     | 8877 ||| FLEEEEING.
  9202 | D:10     | 9202 ||| Stepping ~*~*~tactically~*~*~ (stealth).
  9256 | D:10     | Found Dierphui's Weapon Boutique.
  9357 | D:10     | 9357 ||| Stepping ~*~*~tactically~*~*~ (stealth).
  9399 | D:10     | Found a shimmering blue altar of Sif Muna.
  9419 | D:10     | 9419 ||| DRINKING 2 potions of curing.
  9419 | D:10     | 9419 ||| (to cure confusion)
  9428 | D:10     | 9428 ||| DRINKING potion of curing.
  9428 | D:10     | 9428 ||| (to cure confusion)
  9441 | D:10     | 9441 ||| FLEEEEING.
  9442 | D:10     | 9442 ||| FLEEEEING.
  9443 | D:10     | 9443 ||| FLEEEEING.
  9444 | D:10     | 9444 ||| FLEEEEING.
  9445 | D:10     | 9445 ||| FLEEEEING.
  9448 | D:10     | Noticed an orc knight
  9455 | D:10     | HP: 12/81 [orc knight/+1 battleaxe (11)]
  9462 | D:10     | HP: 5/81 [orc knight/+1 battleaxe (9)]
  9463 | D:10     | Slain by an orc knight

Levels and vault maps discovered:
D:1:      dpeg_arrival_subterranean_lakeside_camping, layout_basic
D:2:      layout_loops_cross, basic_ecumenical_altar, minivault_24
D:3:      layout_loops_ring, gammafunk_ghost_split
D:4:      layout_basic, general_overflow_altar, lemuel_round_altar
D:5:      layout_rooms, xom_redecorated, minmay_temple_entry_poolview
D:6:      layout_loops_corners, makhleb_grotto_becter
D:7:      layout_loops_ring, gammafunk_temple_overflow_forgotten
D:8:      layout_gridville, jmf_multi_god_temple, mainiacjoe_overflow_paths
D:9:      layout_layer_cave
D:10:     layout_basic, mainiacjoe_overflow_alcove_4, erik_orc_2, serial_shops,
          kennysheep_mini_moat, nicolae_shop_trees, shop_scrolls, shop,
          amcnicky_mini_rare_corridor_liquid, lemuel_another_geyser, uniq_maggie
Temple:   chequers_temple_sunken

Skill      XL: |  1  2  3  4  5  6  7  8  9 10 |
---------------+-------------------------------+-----
Axes           | 3 4 5 6 7 8 10 12 13 14 | 14.9
Dodging        | 1 2 |  2.3
Fighting       | 4 5 6 8 |  8.0
Armour         | 4 6 7 8 |  8.0
Throwing       | 1 |  1.0
Shields        | 4 5 |  5.8

Action                   |  1- 3 |  4- 6 |  7- 9 | 10-12 || total
-------------------------+-------+-------+-------+-------++-------
Melee: War axe           |   108 |   144 |   310 |    33 ||   595
       Headbutt          |    14 |    18 |    56 |    10 ||    98
Throw: Boomerang         |       |       |    27 |     1 ||    28
Invok: Sacrifice Experie |       |       |     1 |       ||     1
  Use: Scroll            |     6 |     3 |    10 |     1 ||    20
       Potion            |     2 |     3 |     8 |       ||    13
Armor: Scale mail        |    46 |       |       |       ||    46
       Plate armour      |     7 |   100 |   210 |    16 ||   333
Dodge: Dodged            |    43 |    37 |   103 |     6 ||   189
Block: Buckler           |    27 |    24 |    61 |     3 ||   115

Table legend:
 A = Non-vault XP
 B = Vault XP
 C = Vault XP percentage of total XP
 D = Non-vault monster count
 E = Vault monster count
 F = Vault count percentage of total count
                 A         B        C        D         E       F
            +---------+---------+-------+---------+---------+-------
      Total |    7496 |     757 |   9.2 |     208 |      14 |   6.3
            +---------+---------+-------+---------+---------+-------
        D:1 |      40 |       8 |  16.7 |      22 |       6 |  21.4
        D:2 |      44 |       0 |   0.0 |      17 |       0 |   0.0
        D:3 |     191 |       0 |   0.0 |      27 |       0 |   0.0
        D:4 |     611 |       0 |   0.0 |      24 |       0 |   0.0
        D:5 |     448 |       0 |   0.0 |      13 |       0 |   0.0
        D:6 |     746 |      39 |   5.0 |      18 |       1 |   5.3
        D:7 |     885 |       0 |   0.0 |      23 |       0 |   0.0
        D:8 |     764 |     222 |  22.5 |      14 |       2 |  12.5
        D:9 |    2626 |       0 |   0.0 |      39 |       0 |   0.0
       D:10 |    1141 |     488 |  30.0 |      11 |       5 |  31.2
            +---------+---------+-------+---------+---------+-------
